 Dungeon Crawl Stone Soup version 0.29-a0-791-ga0f254aafb (webtiles) character file.

Game seed: 6335076782099939465

2046 Malachi the Trooper (level 9, -1/70 (71) HPs)
             Began as a Demonspawn Brigand on July 3, 2022.
             Was a High Priest of Ignis.
             Slain by an ogre
             ... wielding a +0 giant club
              (22 damage)
             ... on level 6 of the Dungeon.
             The game lasted 00:09:08 (6809 turns).

Malachi the Trooper (Demonspawn Brigand)            Turns: 6809, Time: 00:09:09

HP:   -1/70 (71)    AC: 12    Str: 12    XL:     9   Next: 4%
MP:   16/16         EV: 16    Int: 15    God:    Ignis [*****.]
Gold: 318           SH:  0    Dex: 16    Spells: 15/18 levels left

rFire   + . .      SeeInvis .   w - +5 short sword of Day {vamp, rElec rCorr}
rCold   . . .      Faith    .   (no shield)
rNeg    + . .      Spirit   .   B - +2 robe
rPois   .          Reflect  .   (no helmet)
rElec   +          Harm     .   c - +0 cloak
rCorr   +          Rampage  .   (no gloves)
Will    .....                   (no boots)
Stlth   +++.......              (no amulet)
HPRegen 0.21/turn               n - ring of positive energy
MPRegen 0.30/turn               (no ring)

@: fiery-armoured, lightly drained, repel missiles
A: repulsion field 3, magic regeneration, weakness stinger 1
a: Renounce Religion, Fiery Armour, Foxfire Swarm, Rising Flame


You were on level 6 of the Dungeon.
You worshipped Ignis.
Ignis was extremely pleased with you.
You visited 1 branch of the dungeon, and saw 6 of its levels.

You collected 318 gold pieces.

Inventory:

Hand Weapons
 w - the +5 short sword of Day (weapon) {vamp, rElec rCorr}
   (You found it on level 3 of the Dungeon)

   It occasionally heals its wielder for a portion of the damage dealt when it
   wounds a living foe.
   rElec:     It insulates you from electricity.
   rCorr:     It protects you from acid and corrosion.
Missiles
 d - 17 poisoned darts (quivered)
 e - 3 curare-tipped darts
Armour
 c - a +0 cloak (worn)
 j - an orb of energy
 s - an orb of light
 B - a +2 robe (worn)
Jewellery
 n - a ring of positive energy (left hand)
Wands
 a - a wand of flame (32)
 A - a wand of quicksilver (8)
Scrolls
 h - 3 scrolls of teleportation {unknown}
 m - 2 scrolls of magic mapping {unknown}
 o - a scroll of poison {unknown}
 p - a scroll of fear {unknown}
 q - 4 scrolls of identify {unknown}
 v - a scroll of fog {unknown}
 x - 2 scrolls of enchant weapon {unknown}
 y - 2 scrolls of vulnerability {unknown}
Potions
 b - 2 potions of attraction {unknown}
 f - 3 potions of flight {unknown}
 g - a potion of degeneration {unknown}
 k - a potion of brilliance {unknown}
 l - 3 potions of lignification {unknown}
 r - a potion of magic {unknown}
 t - a potion of resistance {unknown}
 u - a potion of berserk rage {unknown}
 z - a potion of ambrosia {unknown}


   Skills:
 - Level 6.7 Fighting
 - Level 1.7 Short Blades
 - Level 1.7 Throwing
 - Level 4.4 Armour
 - Level 1.5 Dodging
 - Level 3.6 Stealth
 * Level 5.2 Spellcasting
 * Level 5.2 Ice Magic


You had 15 spell levels left.
You knew the following spells:

 Your Spells              Type           Power      Damage    Failure   Level
a - Ozocubu's Armour      Ice            19%        N/A       5%          3

Your spell library contained the following spells:

 Spells                   Type           Power      Damage    Failure   Level
 Shock                    Conj/Air       12%        1d3       16%         1
 Swiftness                Air            3%         N/A       43%         3
 Airstrike                Air            1%         0-2+      85%         4
 Summon Forest            Summ/Tloc      1%         N/A       99%         5
 Eringya's Noxious Bog    Tmut/Pois      1%         N/A       100%        6
 Ozocubu's Refrigeration  Ice            9%         4d6       100%        7
 Summon Hydra             Summ           1%         N/A       100%        7


Dungeon Overview and Level Annotations

Branches:
Dungeon (6/15)             Temple (0/1) D:4

Altars:
Kikubaaqudgha
Nemelex Xobeh
Ignis


Innate Abilities, Weirdness & Mutations

You are surrounded by a strong repulsion field. (EV +4, RMsl)
You regenerate magic rapidly.
You have a small tail.


Message History

You hit the white imp but do no damage.
Your tail-slap misses the white imp.
The white imp gestures at you. The puff of frost misses you.
An ogre comes into view. It is wielding a +0 giant club.
You barely miss the white imp. The white imp completely misses you.
You closely miss the white imp.
The white imp hits you but does no damage.
You barely miss the ogre. The white imp barely misses you.
The ogre barely misses you.
You barely miss the ogre. The white imp gestures at you.
The puff of frost hits you! The ogre closely misses you.
You hit the ogre.
You feel better.
The ogre is lightly wounded.
The white imp misses you.
You barely miss the ogre.
The ogre is lightly wounded.
The white imp misses you. The ogre barely misses you.
You barely miss the ogre.
The ogre is lightly wounded.
The white imp shouts, "Go and return not, thou currish ill-breeding deadneck!"
The white imp hits you but does no damage.
The ogre closely misses you.
There is a large open door here.
The white imp gestures at you. The puff of frost hits you!
The white imp gestures at you.
The puff of frost is repelled.
The white imp laughs crazily.
The ogre hits you with a +0 giant club!!
* * * LOW HITPOINT WARNING * * *
You are too injured to fight recklessly!
You are too injured to fight recklessly!
You are too injured to fight recklessly!
You are too injured to fight recklessly!
You are too injured to fight recklessly!
You are too injured to fight recklessly!
A protective cloak of flame settles atop you.
The ogre hits you with a +0 giant club!!
You die...

#.##.# ##.# #.......
#.##.# ##..# #......#
#.##.# #..##
##########...#
#.##.#####.## #......
##### #..........#
#.... ####.##...##
###[.# #.#....##
#.'..#.♣
####...##..#####.'...♣
#####
#........#....@O5#..#.#
#....
#........#########.....
##### #........#
#...[... #........#
######## #........#
#........# #......†.#
#...)....# #........#


You could see an ogre and a white imp.

Vanquished Creatures
  Sigmund (D:2)
  An acid dragon (D:5)
  A black bear (D:2)
  A sky beast (D:4)
  An ice beast (D:6)
  An ogre (D:5)
  A centaur (D:6)
  Blork the orc (D:5)
  A necrophage (D:6)
  4 scorpions
  An electric eel (D:6)
  8 hounds
  A jelly (D:5)
  An orc priest (D:4)
  A bouda (D:4)
  3 iguanas
  Natasha (thrice) (D:4)
  Terence (D:3)
  2 orc wizards (D:5)
  Ijyb (D:3)
  Robin (D:3)
  7 gnolls
  15 adders
  A shadow imp (D:6)
  3 worms
  4 dart slugs
  10 orcs
  3 ball pythons
  5 bats
  10 endoplasms
  3 giant cockroaches
  7 goblins
  14 hobgoblins
  8 jackals (D:4)
  10 kobolds
  3 quokkas
  5 frilled lizards
  4 rats
148 creatures vanquished.

Notes
Turn   | Place    | Note
-------+----------+-------------------------------------------
     0 | D:1      | Malachi the Demonspawn Brigand began the quest for the Orb.
     0 | D:1      | Reached XP level 1. HP: 16/16 MP: 1/1
   124 | D:1      | Gained mutation: You are surrounded by a mild repulsion
                  | field. (EV +2) [demonic ancestry]
   124 | D:1      | Reached XP level 2. HP: 23/23 MP: 2/2
   162 | D:1      | Reached skill level 3 in Fighting
   806 | D:2      | Gained mutation: You regenerate magic rapidly. [demonic
                  | ancestry]
   806 | D:2      | Reached XP level 3. HP: 29/29 MP: 3/3
   918 | D:2      | Found a faded altar of an unknown god.
   955 | D:2      | Prayed at the altar of an unknown god.
   955 | D:2      | Became a worshipper of Ignis, the Dying Flame
  1039 | D:2      | Reached skill level 4 in Fighting
  1039 | D:2      | Reached skill level 1 in Armour
  1039 | D:2      | Gained mutation: You have a small tail. [demonic ancestry]
  1039 | D:2      | Reached XP level 4. HP: 22/37 MP: 4/4
  1465 | D:2      | Noticed Sigmund
  1479 | D:2      | Killed Sigmund
  1480 | D:2      | Reached skill level 5 in Fighting
  1480 | D:2      | Gained mutation: You are surrounded by a moderate repulsion
                  | field. (EV +3) [demonic ancestry]
  1480 | D:2      | Reached XP level 5. HP: 32/44 MP: 5/5
  1790 | D:2      | Gained mutation: You are surrounded by a strong repulsion
                  | field. (EV +4, RMsl) [demonic ancestry]
  1790 | D:2      | Reached XP level 6. HP: 49/51 MP: 6/6
  1912 | D:2      | Found a sparkling altar of Nemelex Xobeh.
  2371 | D:3      | Identified the +5 short sword of Day {vamp, rElec rCorr}
  2392 | D:3      | Noticed Robin
  2393 | D:3      | Noticed Ijyb
  2418 | D:3      | Killed Ijyb
  2447 | D:3      | Killed Robin
  2448 | D:3      | Reached skill level 6 in Fighting
  2448 | D:3      | Reached skill level 1 in Dodging
  2560 | D:3      | Noticed Terence
  2576 | D:3      | Killed Terence
  2633 | D:4      | Noticed Natasha
  2653 | D:4      | Killed Natasha
  2656 | D:4      | Reached XP level 7. HP: 20/58 MP: 7/7
  2996 | D:4      | Noticed Natasha
  3043 | D:4      | Found a staircase to the Ecumenical Temple.
  3055 | D:4      | Killed Natasha
  3112 | D:4      | Learned a level 3 spell: Ozocubu's Armour
  3432 | D:4      | Reached skill level 1 in Spellcasting
  3432 | D:4      | Reached skill level 1 in Ice Magic
  3529 | D:4      | Noticed Natasha
  3539 | D:4      | Killed Natasha
  3627 | D:4      | Reached XP level 8. HP: 65/65 MP: 9/11
  3892 | D:5      | Entered Level 5 of the Dungeon
  4277 | D:5      | Found an ancient bone altar of Kikubaaqudgha.
  4546 | D:5      | Noticed Blork the orc
  4560 | D:5      | Killed Blork the orc
  5881 | D:5      | Found a sparkling altar of Nemelex Xobeh.
  6363 | D:6      | Reached skill level 5 in Spellcasting
  6363 | D:6      | Reached skill level 5 in Ice Magic
  6391 | D:6      | Reached XP level 9. HP: 43/71 MP: 16/16
  6809 | D:6      | Slain by an ogre

Illustrated notes

Levels and vault maps discovered:
D:1:      dpeg_arrival_rooms_c, layout_basic, minmay_misc_feat_plants,
          minivault_24
D:2:      layout_basic, shapermc_ecumenical_altar_pompeii, basic_altar,
          uniq_sigmund
D:3:      layout_rooms, uniq_robin, uniq_ijyb, uniq_terence
D:4:      layout_basic, minmay_temple_entry_offerings, wad_rectangle_vault,
          uniq_natasha
D:5:      layout_basic, nemelex_dance_club_becter, mainiacjoe_overflow_brackets,
          supply_closet_lemuel, uniq_blork_the_orc
D:6:      layout_rooms, kennysheep_doodads, nrook_pool_corridor,
          kennysheep_generic_room_4

Skill      XL: |  1  2  3  4  5  6  7  8 |
---------------+-------------------------+-----
Fighting       | 3 4 5 6 |  6.7
Armour         | 1 2 3 4 |  4.4
Dodging        | 1 |  1.5
Spellcasting   | 2 5 |  5.2
Ice Magic      | 2 5 |  5.2
Short Blades   | |  1.7
Throwing       | |  1.7
Stealth        | |  3.6

Action                   |  1- 3 |  4- 6 |  7- 9 || total
-------------------------+-------+-------+-------++-------
Melee: Dagger            |    27 |       |       ||    27
       Short sword       |    37 |   144 |   310 ||   491
       Tailslap          |       |    23 |    47 ||    70
       Punch             |       |     1 |     2 ||     3
Invok: Fiery Armour      |       |     1 |     1 ||     2
 Stab: Sleeping          |     6 |     4 |     6 ||    16
Armor: Robe              |     7 |       |    15 ||    22
       Ring mail         |    10 |    42 |    69 ||   121
Dodge: Dodged            |    45 |   103 |   252 ||   400
       Repelled          |       |     2 |     2 ||     4

Table legend: (Time is in decaauts)
 A = Elapsed time spent in this place.
 B = Non-inter-level travel time spent in this place.
 C = Inter-level travel time spent in this place.
 D = Time resting spent in this place.
 E = Time spent auto-exploring this place.
 F = Levels seen in this place.
 G = Mean time per level.
                   A        B        C        D        E       F      G
               +--------+--------+--------+--------+--------+-----+--------+
         Total |   6833 |   6359 |    474 |   1073 |   4056 |   6 | 1138.8 |
       Dungeon |   6833 |   6359 |    474 |   1073 |   4056 |   6 | 1138.8 |
               +--------+--------+--------+--------+--------+-----+--------+

Top non-repeatable levels by time:
     D:5: 1823 daAuts
     D:4: 1408 daAuts
     D:2: 1395 daAuts
     D:6: 854 daAuts
     D:1: 798 daAuts
     D:3: 552 daAuts
